 Dungeon Crawl Stone Soup version 0.22.1-1-ga44c0e56f4 (webtiles) character file.

4725 Narretz the Spear-Bearer (level 10, -12/114 HPs)
             Began as a Demonspawn Berserker on Nov 9, 2018.
             Was a High Priest of Trog.
             Mangled by Erolcha
             ... wielding a +0 giant club
              (22 damage)
             ... on level 9 of the Dungeon.
             The game lasted 00:41:00 (9343 turns).

Narretz the Spear-Bearer (Demonspawn Berserker)     Turns: 9343, Time: 00:41:00

Health: -12/114    AC: 11    Str: 24    XL:     10   Next: 22%
Magic:  10/10      EV: 20    Int:  8    God:    Trog [*****.]
Gold:   553        SH:  0    Dex: 20    Spells: 9/9 levels left

rFire    . . .     SeeInvis .   a - +2 battleaxe (freeze)
rCold    . . .     Gourm    .   (shield currently unavailable)
rNeg     + . .     Faith    .   W - +2 ring mail {rPois}
rPois    +         Spirit   .   e - +1 hat
rElec    .         Reflect  .   (no cloak)
rCorr    .         Harm     .   y - +0 pair of gloves
MR       .....                  U - +0 pair of boots
Stlth    ..........             (no amulet)
HPRegen  0.29/turn              l - ring of positive energy
MPRegen  0.12/turn              z - ring of flight

@: agile, berserking (expiring), very quick
A: antennae 1, powered by death 2, powered by pain 2
a: Berserk, Trog's Hand, Brothers in Arms, Renounce Religion, Evoke Flight


You were on level 9 of the Dungeon.
You worshipped Trog.
Trog was extremely pleased with you.
You were not hungry.

You visited 1 branch of the dungeon, and saw 9 of its levels.

You collected 553 gold pieces.

Inventory:

Hand Weapons
 a - a +2 battleaxe of freezing (weapon)
 b - a +2 spear of freezing
 C - a +0 spear of distortion
 E - a +0 hunting sling
 P - a +4 trident of protection
 V - a +1 trident of freezing
 X - a +5 antimagic glaive
Missiles
 h - 56 poisoned needles
 s - 108 sling bullets
 G - 2 javelins
 Q - 6 tomahawks (quivered)
Armour
 e - a +1 hat (worn)
 i - a +1 leather armour of cold resistance
 t - a +0 shield
 y - a +0 pair of gloves (worn)
 F - the cursed +1 scale mail "Ypsy" {Str+3}
   (You found it on level 4 of the Dungeon)

   It affects your strength (+3).
   It has a curse placed upon it.
 U - a +0 pair of boots (worn)
 W - a +2 ring mail of poison resistance (worn)
Jewellery
 l - a ring of positive energy (left hand)
 z - a ring of flight (right hand)
Wands
 f - a wand of flame (58)
 D - a wand of iceblast (17)
 H - a wand of digging (16)
 T - a wand of polymorph (12)
Scrolls
 d - 5 scrolls of teleportation
 g - 5 scrolls of fog
 j - 10 scrolls of identify
 k - 5 scrolls of remove curse {unknown}
 n - 4 scrolls of enchant weapon
 p - 2 scrolls of amnesia {unknown}
 x - a scroll of fear {unknown}
 I - 2 scrolls of blinking {unknown}
 L - 3 scrolls of magic mapping {unknown}
 Z - a scroll of vulnerability {unknown}
Potions
 q - a potion of flight
 r - 3 potions of invisibility
 u - a potion of lignification
 v - a potion of resistance
 w - 2 potions of haste
 A - a potion of cancellation {unknown}
 B - 3 potions of mutation
 J - a potion of might {unknown}
 N - 2 potions of curing {unknown}
 O - a potion of berserk rage {unknown}
 R - 3 potions of ambrosia {unknown}
 S - a potion of brilliance
 Y - a potion of agility {unknown}
Comestibles
 c - 12 rations


   Skills:
 + Level 5.7 Fighting
 - Level 3.8(6.7) Axes
 + Level 8.5(9.0) Polearms
 + Level 6.2 Throwing
 + Level 4.3 Armour
 + Level 5.1 Dodging
 - Level 2.0 Stealth
 + Level 1.2 Evocations


You had 9 spell levels left.
You didn't know any spells.
Your spell library was empty.

Dungeon Overview and Level Annotations

Branches:
Dungeon (9/15)             Temple (0/1) D:7             Orc (0/2) D:9
   Lair: D:8-11

Altars:
Cheibriados
Dithmenos
Elyvilon
Hepliaklqana
Kikubaaqudgha
Makhleb
Nemelex Xobeh
Okawaru
Trog
Uskayaw
Wu Jian
Xom

Annotations:
D:6 1 runed door, exclusion: door, Valentain's ghost, novice MfVM
D:8 2 transporters
D:9 exclusion: door, Erolcha; Gastronok


Innate Abilities, Weirdness & Mutations

You have a pair of small antennae on your head.
You regenerate health from kills.
You sometimes gain power by taking damage.


Message History

You slash something! You freeze something. Something hits you!!
* * * LOW HITPOINT WARNING * * *
You focus on the pain.
You feel more agile all of a sudden.
You barely miss something. You miss something. Something hits you!
* * * LOW HITPOINT WARNING * * *
You are too berserk!
You hit something. You freeze something.
Your skin stops crawling.
You feel less resistant to hostile enchantments.
Something barely misses you.
You miss something. You hit something. You freeze something.
You hear some strange, mumbled words.
Something tries to affect you, but you resist.
You barely miss something. Something hits you.
* * * LOW HITPOINT WARNING * * *
Something hits you!!
You die...

... ####..... #......
####.####)## #......
####.......))#
#......###..........####
.......#...##...........
#......#.####.......####
#....<>..# #.......# #
#......#{## #.......#
#(....%@..# #.......#
#......###.##########
#...... .# ####### .# .#
#


There were no monsters in sight!

Vanquished Creatures
  A two-headed ogre (D:9)
  Joseph (D:7)
  Prince Ribbit (D:6)
  A hippogriff (D:8)
  Sigmund (D:6)
  Eustachio (D:6)
  A steam dragon (D:7)
  3 ice beasts
  A black bear (D:8)
  3 phantoms
  2 orc warriors
  2 ogres
  Blork the orc (D:6)
  4 bullfrogs
  3 scorpions
  A howler monkey (D:5)
  4 wights (D:9)
  3 crimson imps
  4 jellies
  2 hounds (D:9)
  4 orc priests
  4 orc wizards
  An iguana (D:5)
  9 worker ants
  A hound skeleton (D:3)
  A mummy (D:9)
  5 gnolls (D:4)
  16 adders
  A river rat (D:7)
  3 shadow imps
  2 oozes
  An adder skeleton (D:4)
  3 worms
  A dart slug (D:1)
  6 leopard geckos
  33 orcs
  2 ball pythons
  6 giant cockroaches
  12 goblins
  12 hobgoblins
  23 jackals
  5 quokkas
  4 bats
  3 frilled lizards
  14 kobolds
  12 rats
224 creatures vanquished.

Vanquished Creatures (collateral kills)
  A centaur (D:9)
  6 wights (D:9)
7 creatures vanquished.

Vanquished Creatures (others)
  A hobgoblin (D:2)
  A kobold (D:4)
  3 plants (D:7)
5 creatures vanquished.

Grand Total: 236 creatures vanquished

Notes
Turn   | Place    | Note
-------+----------+-------------------------------------------
     0 | D:1      | Narretz the Demonspawn Berserker began the quest for the
                  | Orb.
     0 | D:1      | Reached XP level 1. HP: 18/18 MP: 1/1
   225 | D:1      | Gained mutation: You sometimes gain a little power by
                  | taking damage. [demonic ancestry]
   225 | D:1      | Reached XP level 2. HP: 12/24 MP: 2/2
  1014 | D:2      | Reached XP level 3. HP: 28/29 MP: 3/3
  1081 | D:2      | Reached ** piety under Trog
  1156 | D:2      | Found an ancient bone altar of Kikubaaqudgha.
  1238 | D:2      | Found a white marble altar of Elyvilon.
  1524 | D:2      | Gained mutation: You regenerate a little health from kills.
                  | [demonic ancestry]
  1524 | D:2      | Reached XP level 4. HP: 27/35 MP: 4/4
  1629 | D:2      | Found a bloodstained altar of Trog.
  1678 | D:2      | Found an iron altar of Okawaru.
  1679 | D:2      | Found a burning altar of Makhleb.
  1680 | D:2      | Found a shimmering altar of Xom.
  1869 | D:3      | Reached skill level 1 in Stealth
  2038 | D:3      | Reached skill level 1 in Polearms
  2038 | D:3      | Reached XP level 5. HP: 38/41 MP: 5/5
  2046 | D:3      | Reached skill level 1 in Throwing
  2131 | D:3      | Reached *** piety under Trog
  2468 | D:3      | Reached skill level 2 in Polearms
  2520 | D:3      | Reached XP level 6. HP: 29/48 MP: 6/6
  2869 | D:4      | Reached skill level 3 in Polearms
  3559 | D:4      | Reached XP level 7. HP: 53/53 MP: 7/7
  3584 | D:4      | Reached **** piety under Trog
  3862 | D:4      | Found an iron altar of Okawaru.
  4025 | D:4      | Got a jewelled scale mail
  4026 | D:4      | Identified the cursed +1 scale mail "Ypsy" {Str+3} (You
                  | found it on level 4 of the Dungeon)
  4045 | D:4      | Found a sparkling altar of Nemelex Xobeh.
  4069 | D:5      | Entered Level 5 of the Dungeon
  4083 | D:5      | Found a hazy altar of Hepliaklqana.
  4561 | D:5      | Found an ornate altar of the Wu Jian Council.
  4775 | D:5      | Reached skill level 4 in Polearms
  5414 | D:6      | Gained mutation: You sometimes gain power by taking damage.
                  | [demonic ancestry]
  5414 | D:6      | Reached XP level 8. HP: 61/61 MP: 8/8
  5416 | D:6      | Noticed Eustachio
  5489 | D:6      | Reached skill level 5 in Polearms
  5596 | D:6      | Killed Eustachio
  5654 | D:6      | Noticed Sigmund
  5668 | D:6      | Noticed Blork the orc
  5688 | D:6      | Killed Blork the orc
  5789 | D:6      | Killed Sigmund
  5925 | D:6      | Noticed Prince Ribbit
  5950 | D:6      | Killed Prince Ribbit
  5950 | D:6      | Reached skill level 6 in Polearms
  6035 | D:6      | Reached ***** piety under Trog
  6058 | D:6      | Found a runed door.
  6058 | D:6      | Noticed Valentain's ghost (novice MfVM)
  6266 | D:7      | Reached skill level 5 in Fighting
  6294 | D:7      | Noticed Joseph
  6399 | D:7      | Killed Joseph
  6399 | D:7      | Reached skill level 5 in Throwing
  6399 | D:7      | Gained mutation: You regenerate health from kills. [demonic
                  | ancestry]
  6399 | D:7      | Reached XP level 9. HP: 68/68 MP: 9/9
  6771 | D:7      | Found a shadowy altar of Dithmenos.
  6898 | D:8      | Found a transporter.
  6903 | D:8      | Noticed a kobold demonologist
  6965 | D:8      | Reached skill level 7 in Polearms
  7045 | D:8      | Found a hide-covered altar of Uskayaw.
  7077 | D:8      | Found a transporter.
  7331 | D:8      | Noticed a kobold demonologist
  8226 | D:7      | Found a staircase to the Ecumenical Temple.
  8650 | D:9      | Noticed Erolcha
  8650 | D:9      | Noticed Gastronok
  8711 | D:9      | Found a snail-covered altar of Cheibriados.
  8751 | D:9      | Found a staircase to the Orcish Mines.
  8802 | D:9      | Noticed a two-headed ogre
  8823 | D:9      | Killed a two-headed ogre
  8823 | D:9      | Reached skill level 8 in Polearms
  8823 | D:9      | Reached skill level 5 in Dodging
  8823 | D:9      | Reached skill level 1 in Evocations
  8823 | D:9      | Gained mutation: You have a pair of small antennae on your
                  | head. [demonic ancestry]
  8823 | D:9      | Reached XP level 10. HP: 75/75 MP: 10/10
  8912 | D:9      | Received a gift from Trog
  9343 | D:9      | Mangled by Erolcha

Skill      XL: |  1  2  3  4  5  6  7  8  9 |
---------------+----------------------------+-----
Axes           | 3 |  3.8
Armour         | 2 3 4 |  4.3
Dodging        | 2 3 5 |  5.1
Stealth        | 1 2 |  2.0
Polearms       | 1 2 3 4 6 8 |  8.5
Throwing       | 1 2 3 5 6 |  6.2
Fighting       | 4 5 |  5.7
Evocations     | 1 |  1.2

Action                   |  1- 3 |  4- 6 |  7- 9 | 10-12 || total
-------------------------+-------+-------+-------+-------++-------
Melee: Hand axe          |    85 |       |       |       ||    85
       Spear             |    24 |   207 |   184 |    15 ||   430
       Trident           |       |       |   166 |    13 ||   179
       Battleaxe         |       |       |       |    17 ||    17
       Glaive            |       |       |       |    10 ||    10
Throw: Stone             |    28 |    10 |     3 |       ||    41
       Tomahawk          |       |    22 |    45 |     5 ||    72
       Javelin           |       |     5 |    24 |       ||    29
Invok: Berserk           |     1 |     5 |     9 |     2 ||    17
       Trog's Hand       |       |     1 |       |     1 ||     2
       Brothers in Arms  |       |       |       |     1 ||     1
Evoke: Wand              |       |       |     8 |       ||     8
  Use: Scroll            |     1 |     6 |     3 |     1 ||    11
       Potion            |       |     2 |       |       ||     2
 Stab: Sleeping          |     2 |     5 |     6 |       ||    13
  Eat: Chunk             |     3 |     9 |    14 |     2 ||    28
       Ration            |       |     1 |     3 |     1 ||     5
Armor: Leather armour    |    24 |    53 |    72 |       ||   149
       Animal skin       |     2 |       |       |       ||     2
       Ring mail         |       |       |       |     9 ||     9
Dodge: Dodged            |    51 |   102 |   152 |    22 ||   327
